Map: Cyber Forest LE

Players

Elazer - Winner!

  • Race: Zerg Zerg
  • Spawn Location: 5:00

Trust

  • Race: Protoss Protoss
  • Spawn Location: 11:00

Event: IEM Season 13: Katowice (2019)

VOD

Have the link to the VOD?

Description

Time

  • Played on: Feb. 26, 2019, 1 p.m.
  • Length: 8:00

All games in this series

Show
View Real Time Build Order
Export as new Build Order

Elazer Zerg - Winner!

Build Orders: Hatch First 

Get SALT Encoding   

  12  0:00  Drone  
  13  0:12  Overlord  
  13  0:16  Drone  
  14  0:30  Drone  
  15  0:44  Hatchery  
  15  0:47  Drone  
  15  0:51  Drone  
  15  0:55  Drone  
  17  0:59  Drone  
  18  1:08  Extractor  
  17  1:13  Spawning Pool  
  17  1:17  Drone  
  17  1:20  Drone  
  18  1:31  Drone  
  19  1:41  Drone  
  20  1:54  Drone  
  20  1:57  Drone  
  20  2:00  Queen  
  20  2:01  Queen  
  24  2:03  Overlord  
  24  2:07  Zergling x2  
  27  2:15  Zergling x2  
  28  2:22  Drone  
  29  2:24  Drone  
  29  2:29  Drone  
  31  2:36  Drone  
  32  2:40  Hatchery  
  32  2:42  Queen  
  32  2:48  Overlord  
  32  2:49  Drone  
  33  2:52  Drone  
  33  2:58  Drone  
  35  3:07  Overlord  
  35  3:08  Drone x2  
  35  3:10  Drone x3  
  35  3:11  Drone  
  41  3:19  Queen  
  43  3:25  Overlord  
  43  3:28  Drone x3  
  43  3:31  Drone  
  47  3:37  Drone  
  47  3:41  Overlord  
  48  3:45  Drone x2, Roach Warren  
  49  3:49  Spore Crawler  
  49  3:51  Spore Crawler  
  49  3:53  Drone x2  
  49  3:54  Drone  
  50  3:58  Overlord  
  50  4:01  Drone  
  50  4:02  Spore Crawler  
  50  4:03  Drone  
  50  4:05  Drone  
  52  4:11  Drone x4  
  52  4:14  Overlord  
  56  4:22  Queen  
  56  4:23  Evolution Chamber  
  57  4:24  Drone  
  57  4:27  Drone x2  
  62  4:31  Roach  
  62  4:35  Roach x2  
  66  4:41  Roach x3  
  66  4:43  Drone x2  
  74  4:46  Drone x3  
  74  4:48  Extractor, Drone  
  77  4:56  Lair, Zerg Missile Weapons Level 1  
  77  4:58  Extractor  
  77  4:59  Overlord  
  76  5:06  Overlord  
  76  5:11  Overlord  
  76  5:15  Overlord  
  76  5:19  Roach x2  
  76  5:20  Roach  
  81  5:24  Overlord  
  81  5:25  Evolution Chamber  
  81  5:27  Roach x4  
  88  5:29  Overlord  
  88  5:31  Overlord  
  88  5:34  Roach x3  
  94  5:39  Evolution Chamber  
  94  5:41  Overlord  
  94  5:42  Drone x3  
  97  5:47  Overlord  
  97  5:48  Roach  
  97  5:49  Roach x3  
  106  5:52  Evolution Chamber  
  106  5:56  Overlord  
  105  5:58  Glial Reconstitution  
  105  6:01  Extractor, Drone x2  
  105  6:02  Extractor, Drone x2  
  108  6:05  Overlord  
  108  6:10  Overlord  
  108  6:13  Overlord  
  108  6:14  Drone  
  108  6:15  Drone x2  
  111  6:20  Roach  
  111  6:21  Roach x3  
  119  6:26  Overlord  
  119  6:27  Extractor  
  119  6:32  Overlord  
  118  6:33  Roach x3  
  118  6:39  Roach x2  
  128  6:43  Overlord  
  126  6:48  Roach x5  
  126  6:49  Roach  
  126  6:54  Infestation Pit  
  137  6:56  Overlord  
  137  6:59  Ravager  
  137  7:00  Roach x2, Ravager  
  143  7:02  Overlord  
  143  7:04  Roach x3  
  149  7:08  Overlord  
  149  7:14  Overlord  
  149  7:15  Roach x4  
  157  7:18  Ravager  
  156  7:26  Roach x5  
  166  7:30  Ravager  
  166  7:32  Overlord  
  166  7:34  Roach  
  166  7:35  Roach x2  
Show
View Real Time Build Order
Export as new Build Order

Trust Protoss 

Build Orders: 1 Gate Expand, Oracle Opening, Phoenix Opening, Mass Adepts 

Get SALT Encoding   

  12  0:00  Probe  
  13  0:12  Probe  
  14  0:19  Pylon  
  14  0:24  Probe  
  15  0:33  Probe  
  15  0:39  Gateway  
  15  0:41  Probe  
  16  0:46  Assimilator  
  17  0:51  Probe  
  18  1:03  Probe  
  19  1:15  Probe  
  20  1:24  Nexus  
  20  1:35  Cybernetics Core  
  20  1:38  Probe  
  21  1:46  Assimilator  
  21  1:50  Probe  
  21  1:53  Pylon  
  22  2:01  Adept  
  22  2:02  Probe  
  23  2:14  Probe  
  26  2:16  Stargate  
  26  2:25  Warp Gate  
  26  2:27  Probe  
  27  2:31  Adept  
  27  2:32  Probe  
  30  2:39  Probe  
  30  2:40  Probe  
  31  2:50  Probe  
  31  2:51  Probe, Phoenix  
  34  3:02  Probe  
  34  3:03  Adept, Probe  
  40  3:11  Pylon, Oracle  
  40  3:14  Probe  
  40  3:15  Probe  
  45  3:27  Probe  
  45  3:29  Probe  
  45  3:31  Gateway  
  47  3:36  Gateway  
  47  3:42  Twilight Council  
  47  3:44  Probe  
  47  3:45  Probe, Resonating Glaives  
  49  3:53  Gateway  
  49  3:56  Gateway  
  49  4:00  Assimilator  
  49  4:03  Assimilator  
  49  4:05  Probe  
  49  4:06  Probe  
  49  4:09  Pylon  
  51  4:13  Adept  
  53  4:23  Probe  
  54  4:26  Pylon  
  54  4:27  Adept, Probe  
  57  4:34  Adept x2  
  61  4:40  Robotics Facility  
  61  4:48  Adept x2  
  67  4:52  Probe  
  67  4:56  Adept  
  69  5:01  Pylon  
  69  5:03  Adept  
  70  5:12  Pylon  
  70  5:19  Probe  
  70  5:20  Sentry x3, Probe  
  78  5:25  Pylon  
  78  5:28  Immortal  
  82  5:39  Sentry x2  
  82  5:44  Gateway x2  
  82  5:47  Gateway  
  80  6:01  Immortal  
  80  6:02  Nexus  
  80  6:03  Pylon  
  82  6:17  Sentry, Zealot  
  86  6:32  Warp Prism, Pylon  
  86  6:35  Sentry, Adept  
  86  6:36  Adept  
  94  6:51  Adept x5  
  104  6:57  Pylon  
  104  6:58  Pylon  
  104  7:05  Adept x2  
  104  7:06  Adept  
  110  7:14  Observer  
  111  7:15  Pylon  
  111  7:24  Adept x4  
  111  7:28  Adept  
  121  7:32  Zealot  

Tags
 
Add a new tag
Caveats
  • Supply blocks, unpowered buildings, or Contaminate may cause inaccurate times.
  • Supply counts are checked every 10 seconds.